Unix NetHack Version 5.0.0-0 post-release - last build May 10 2026 23:12:36 (d1fa5d53e341ca933230fdaa984d921c805b60aa,branch:main).

Game began 2026-05-08 17:41:35, ended 2026-05-11 19:01:26.

Barrb, neutral female human Barbarian

     ---------      ---------
     |.......|     #........|
     |.......|     #|......>|
     |.......|     #|.......|
     |.......|     #------|--
     |.......|     #     ##################q@e
     |.......|     #      ##  #
     -.---.---     #          ######
      #####        #               ##
         ##        #              --|---------
         ###       #          ####............
         #        ##   -----###   |..........|
      ---.----+--##    ||...#     |..........|
      |.........|#     |...|      |..........|
      |..........#     |...|      |.(........|
      |.........|      |..<|      ------------
      -----------      -----

Barrb the Pillager         St:18/04 Dx:15 Co:17 In:7 Wi:7 Ch:9  Neutral
Dlvl:5  $:145 HP:0(49) Pw:10(10) AC:3  Xp:4 T:1790 

Latest messages:
 You see here a large box.
 You learn more about your items by comparing them.
 g - 2 uncursed murky potions (4 in total).
 p - a sky blue potion.
 The door opens.
 You hear the splashing of a naiad.
 This door is locked.
 Unlock it with your lock pick? [ynq] (q) y
 You succeed in picking the lock.
 The door opens.
 You see here a whistle.
 q - a whistle.
 What do you want to use or apply? [aijkq or ?*] q
 You produce a high whistling sound.
 You see here 29 gold pieces.
 $ - 29 gold pieces (145 in total).
 You miss the floating eye.
 You are frozen by the floating eye's gaze!
 The rothe hits!
 The rothe bites!
 The rothe misses!
 The rothe just misses!
 The rothe bites!
 The rothe bites again!
 The rothe hits!
 The rothe bites!
 The rothe bites again!
 The rothe hits!
 The rothe bites!
 The rothe just misses!
 The rothe hits!
 The rothe bites!
 The rothe misses!
 The rothe hits!
 The rothe bites!
 The rothe misses!
 The rothe hits!
 The rothe bites!
 The rothe bites again!
 The rothe hits!
 The rothe bites!
 The rothe bites again!
 The rothe hits!
 The rothe bites!
 The rothe bites again!
 You die...
 Do you want your possessions identified? [ynq] (y) y
 Do you want to see your attributes? [ynq] (y) y
 Do you want an account of creatures vanquished? [ynaq] (y) y
 Do you want to see your conduct and achievements? [ynq] (y) q

Inventory:
 Coins    ('$')
  $ - 145 gold pieces
 Weapons  (')')
  t - 9 +0 shuriken
  a - a +0 battle-axe (weapon in hands)
  b - a +0 short sword (alternate weapon; not wielded)
 Armor    ('[')
  o - an uncursed +0 orcish helm (being worn)
  l - an uncursed +0 pair of leather gloves (being worn)
  u - an uncursed +0 pair of iron shoes (being worn)
  v - an uncursed +0 dwarvish cloak (being worn)
  c - an uncursed +0 ring mail (being worn)
 Comestibles  ('%')
  n - 2 uncursed cram rations
  d - 2 uncursed food rations
 Scrolls  ('?')
  h - an uncursed scroll of amnesia
  m - 3 uncursed scrolls of blank paper
  r - a blessed scroll of confuse monster
  f - an uncursed scroll of light
 Potions  ('!')
  g - 4 uncursed potions of healing
  p - an uncursed potion of paralysis
  w - a blessed potion of sickness
 Rings    ('=')
  e - an uncursed ring of polymorph control
 Wands    ('/')
  j - a wand of stasis (0:4)
 Tools    ('(')
  k - an uncursed lock pick
  i - a blessed oil lamp
  q - an uncursed tin whistle

Barrb the Barbarian's attributes:

Background:
 You were a Pillager, a level 4 female human Barbarian.
 You were neutral, on a mission for Crom
 who was opposed by Mitra (lawful) and Set (chaotic).
 You were right-handed.
 You were in the Dungeons of Doom, on level 5.
 You entered the dungeon 1790 turns ago.
 You had 152 experience points, 8 more were needed to attain level 5.

Basics:
 You had 0 out of 49 hit points.
 You had all 10 energy points (spell power).
 Your armor class was 3.
 Your wallet contained 145 zorkmids.
 Autopickup was off.

Final Characteristics:
 Your strength was 18/04 (limit:18/100).
 Your dexterity was 15 (limit:18).
 Your constitution was 17 (limit:18).
 Your intelligence was 7 (limit:18).
 Your wisdom was 7 (limit:18).
 Your charisma was 9 (limit:18).

Final Status:
 You weren't hungry.
 You were unencumbered.
 You were wielding an axe.
 You had basic skill with axe.

Final Attributes:
 You were devoutly aligned.
 Your items were somewhat protected from fire.
 Your items were somewhat protected from cold.
 You were poison resistant.
 You were warded.
 You are dead.

Miscellaneous:
 You didn't encounter any bones levels.
 Total elapsed playing time was 2 hours, 29 minutes and 52 seconds.

Major events:
 Turn
    1: Barrb the neutral female human Barbarian entered the dungeon
  498: found Grimtooth in a shop
  541: attained the rank of Pillager (level 3)
  640: entered the Gnomish Mines
 1790: killed by a rothe, while frozen by a floating eye's gaze

You didn't know any spells.

Skills:
 Fighting Skills
   bare handed combat [Basic]
   two weapon combat  [Unskilled]
   riding             [Unskilled]
 Weapon Skills
   dagger             [Unskilled]
   axe                [Basic]
   pick-axe           [Unskilled]
   short sword        [Basic]
   broadsword         [Unskilled]
   long sword         [Unskilled]
   two-handed sword   [Unskilled]
   saber              [Unskilled]
   club               [Unskilled]
   mace               [Unskilled]
   morning star       [Unskilled]
   flail              [Unskilled]
   hammer             [Unskilled]
   quarterstaff       [Unskilled]
   spear              [Unskilled]
   trident            [Unskilled]
   bow                [Unskilled]
 Spellcasting Skills
   attack spells      [Unskilled]
   escape spells      [Unskilled]

Voluntary challenges:
 Character rerolling was not enabled.
 You were illiterate.
 You never genocided any monsters.
 You never polymorphed an object.
 You never changed form.
 You used no wishes.
Achievements:
 You entered a shop.
 You attained the rank of Pillager.
 You entered the Gnomish Mines.

 The Dungeons of Doom: levels 1 to 5
    Level 1:
    Level 2:
       A general store, a grave.
       Stairs down to The Gnomish Mines.
    Level 3:
       A fountain.
    Level 4:
       An altar to Crom, many fountains.
    Level 5: <- You were here.
       A grave.
       Final resting place for
          you, killed by a rothe, while frozen by a floating eye's gaze.
 The Gnomish Mines:
    Level 3:


Vanquished creatures:
  a shrieker
  a paper golem
  2 giant ants
  a little dog
  a kitten
  a dwarf
  3 rothes
  a monkey
 an iguana
  a hobbit
  a manes
  a hobgoblin
  2 cave spiders
  a red mold
  2 geckos
  5 jackals
  4 goblins
  5 grid bugs
  a lichen
  3 newts
38 creatures vanquished.

No species were genocided or became extinct.

Game over:
                       ----------
                      /          \
                     /    REST    \
                    /      IN      \
                   /     PEACE      \
                  /                  \
                  |      Barrb       |
                  |      145 Au      |
                  |   killed by a    |
                  |      rothe       |
                  |                  |
                  |                  |
                  |       2026       |
                 *|     *  *  *      | *
        _________)/\\_//(\/(/\)/\//\/|_)_______

Goodbye Barrb the Barbarian...

You died in The Dungeons of Doom on dungeon level 5 with 939 points,
and 145 pieces of gold, after 1790 moves.
You were level 4 with a maximum of 49 hit points when you died.

